 Dungeon Crawl Stone Soup version 0.30.0-20-g3615ddf2f0 (webtiles) character file.

Game seed: 8971283161662428496

27050 qw the Cleaver (level 13, -1/84 HPs)
             Began as a Gargoyle Fighter on June 1, 2023.
             Was an Elder of Okawaru.
             Slain by a snapping turtle (14 damage)
             ... on level 5 of the Lair of Beasts.
             The game lasted 00:07:01 (14702 turns).

qw the Cleaver (Gargoyle Fighter)                  Turns: 14702, Time: 00:07:01

Health: -1/84      AC: 29    Str: 29    XL:     13   Next: 29%
Magic:  10/20      EV: 11    Int:  8    God:    Okawaru [****..]
Gold:   699        SH:  6    Dex:  8    Spells: 12/12 levels left

rFire   . . .        g - +1 war axe (spect)
rCold   . . .        c - +0 buckler
rNeg    + + .        q - +0 chain mail
rPois   inf          (helmet restricted)
rElec   +            x - +0 cloak
rCorr   .            i - +2 pair of gloves
SInv    +            o - +0 pair of boots
Will    .....        v - amulet of faith Stlth
                     e - ring of positive energy
HPRegen 0.34/turn    f - ring of see invisible
MPRegen 0.17/turn

%: faith
@: about to teleport, heroic, finesse-ful, mesmerised
A: sickness immunity, AC +9, negative energy resistance 1, electricity
resistance, torment resistance 1, petrification resistance, horns 1, sense
surroundings 1, strong 1
a: Renounce Religion, Heroism, Finesse


You were on level 5 of the Lair of Beasts.
You worshipped Okawaru.
Okawaru was greatly pleased with you.
You visited 3 branches of the dungeon, and saw 16 of its levels.
You also visited: Sewer and Ossuary.

You collected 1062 gold pieces.
You spent 363 gold pieces at shops.


Innate Abilities, Weirdness & Mutations

You are immune to sickness and miasma.
Your stone body is resilient. (AC +9)
You are immune to poison.
You resist negative energy. (rN+)
You are resistant to electric shocks. (rElec)
You are resistant to unholy torment.
You are immune to petrification.
You have a pair of small horns on your head.
You passively map a small area around you.
Your muscles are strong. (Str +4, Int/Dex -1)


   Skills:
 + Level 10.8(15.8) Fighting
 - Level 14.0(19.0) Axes
 - Level 3.5(8.5) Throwing
 - Level 8.2(13.2) Armour
 - Level 2.0(7.0) Dodging
 - Level 6.7(11.7) Shields
 - Level 10.0 Invocations


You had 12 spell levels left.
You didn't know any spells.
Your spell library was empty.

Inventory:

Hand Weapons
 g - a +1 spectral war axe (weapon)
 y - a +1 demon whip of venom
Missiles
 n - a boomerang (quivered)
Armour
 c - a +0 buckler (worn)
 i - a +2 pair of gloves (worn)
 o - a +0 pair of boots (worn)
 q - a +0 chain mail (worn)
 w - +0 acid dragon scales
 x - a +0 cloak (worn)
Jewellery
 e - a ring of positive energy (left hand)
 f - a ring of see invisible (right hand)
 l - an amulet of reflection
 v - an amulet of faith (around neck)
Wands
 t - a wand of digging (10)
Scrolls
 a - 7 scrolls of identify
 u - 3 scrolls of teleportation
Potions
 b - a potion of resistance
 d - 6 potions of might
 h - 2 potions of haste
 j - a potion of lignification
 k - 2 potions of cancellation
 m - 4 potions of attraction
 p - 3 potions of heal wounds
 r - 7 potions of curing
 s - 4 potions of mutation

Dungeon Overview and Level Annotations

Branches:
Dungeon (11/15)            Temple (1/1) D:6            Lair (5/5) D:11
 Spider (0/4) Lair:2          Orc (0/2) D:9           Sewer (visited)
Ossuary (visited)
  Swamp: Lair:2-3    Shoals: Lair:2-3     Slime: Lair:4-5

Altars:
Ashenzari
Cheibriados
Dithmenos
Elyvilon
Fedhas
Gozag
Hepliaklqana
Kikubaaqudgha
Makhleb
Nemelex Xobeh
Okawaru
Qazlal
Ru
Sif Muna
Trog
Uskayaw
Vehumet
Wu Jian
Xom
Yredelemnul
Zin
The Shining One

Shops:
D:3 [   D:6 (   D:8 *

Annotations:
D:11 2 transporters, Tsarbomb's ghost, journeyman DsGl


Message History

Your +1 spectral war axe barely misses the snapping turtle.
Your +1 spectral war axe closely misses the harpy.
The snapping turtle closely misses you.
You hit the harpy. You headbutt the harpy.
The harpy is almost dead.
You hit the snapping turtle but do no damage.
Your +1 spectral war axe hits the harpy!
You kill the harpy!
Okawaru accepts your kill.
Your +1 spectral war axe hits the snapping turtle but does no damage.
Your +1 spectral war axe barely misses the snapping turtle.
Shadowy forms rise from the deep at the merfolk avatar's song!
You barely miss the snapping turtle.
You headbutt the snapping turtle, but do no damage.
The snapping turtle is severely wounded.
Your +1 spectral war axe hits the snapping turtle but does no damage.
You feel like a meek peon again.
The merfolk avatar chants its luring song.
You hear an angry hiss.
14700 ||| INVOKING Heroism.
You gain the combat prowess of a mighty hero.
You can no longer enter into single combat with a foe.
Okawaru will no longer gift you equipment.
Your +1 spectral war axe disappears.
The pull of its song draws you forwards.
You enter the shallow water.
Moving in this stuff is going to be slow.
The snapping turtle bites you from afar!
The merfolk avatar chants its luring song.
The drowned soul touches you.
14701 ||| Stepping ~*~*~tactically~*~*~ (water).
The snapping turtle bites you from afar.
The snapping turtle bites you from afar!!
The drowned soul touches you.
14702 ||| READING 4 scrolls of teleportation.
As you read the scroll of teleportation, it crumbles to dust.
You feel strangely unstable.
The merfolk avatar chants its luring song.
The snapping turtle bites you from afar!
You die...

, * #~P~~#####~.~ .. ,
~~~~~~~~}#~~##........ *
8.~~~8~~~#~~~#~........ ~
##..~#~~~#~.~~......... ,
#!?)$~~~.#~~~~~........
~~
#!~W$~~#~#.~~~.........
*~ #)~W
#~.#.~~.#~........
#[$!!#W~t%~~~~.........
#W@..#.~~~......... ~
#m~.~~~#~~P#~........ *
~.~~.~~P~}#~~##.........
~
*.##~~.###.#~~~~...%.%...
~~.#~~~ ..#~~~~.....$...
~~~#.~P .~#~.~#.........
,* ~~~~~.~
~~#~~~#~........ ~ ~~~~~
~~##~~~~~...%....
H~~~~....%....


You could see a merfolk avatar (mesmerising), a snapping turtle and 3 drowned
souls.

Vanquished Creatures
  A hydra (Lair:5)
  A catoblepas (Lair:1)
  A boulder beetle (Lair:1)
  2 two-headed ogres (D:11)
  5 death yaks
  Sonja (Lair:2)
  3 skysharks
  Amaemon (D:9)
  2 sea snakes (Lair:5)
  A harpy (Lair:5)
  A bog body (Lair:3)
  An ugly thing (D:11)
  5 elephants
  Maurice (D:10)
  A black mamba (Lair:1)
  An orange demon (D:9)
  6 cane toads
  An unseen horror (D:6)
  4 rime drakes
  Maggie (D:10)
  A kobold demonologist (D:9)
  3 komodo dragons
  2 trolls
  A jumping spider (Lair:2)
  2 wraiths
  4 wyverns
  A spriggan (Lair:1)
  Eustachio (D:6)
  3 yaks (Lair:2)
  3 steam dragons
  A redback (Lair:2)
  A swamp worm (Lair:3)
  A swamp drake (D:9)
  6 water moccasins
  3 black bears
  4 orc warriors
  An ice beast (D:5)
  2 centaurs
  5 wolves
  2 ogres
  A phantom (D:5)
  An elf zombie (Ossuary)
  3 kobold brigands
  7 scorpions
  8 bullfrogs
  21 killer bees
  9 electric eels
  A howler monkey (D:9)
  3 centaur zombies (Ossuary)
  4 human zombies (Ossuary)
  2 hounds
  4 jellies
  A gnoll bouda (Lair:2)
  13 orc priests
  Jessica (D:3)
  Natasha (D:2)
  19 orc wizards
  3 mummies
  8 adders
  2 river rats
  A shadow imp (D:7)
  A white imp (D:7)
  An ufetubus (D:6)
  2 adder zombies (Ossuary)
  A worm (Sewer)
  3 dart slugs
  58 orcs
  7 ball pythons
  6 bats
  2 endoplasms
  6 giant cockroaches
  3 goblins
  9 hobgoblins
  4 jackals (D:1)
  5 quokkas
  2 frilled lizards
  10 hobgoblin zombies (Ossuary)
  18 kobolds
  9 kobold zombies (Ossuary)
  8 orc zombies (Ossuary)
  5 rats
360 creatures vanquished.

Vanquished Creatures (others)
  A rat (D:3)
1 creature vanquished.

Grand Total: 361 creatures vanquished

Notes
Turn   | Place    | Note
-------+----------+-------------------------------------------
     0 | D:1      | qw the Gargoyle Fighter began the quest for the Orb.
     0 | D:1      | Reached XP level 1. HP: 14/14 MP: 1/1
     0 | D:1      | 0 ||| qw: Version: 0.2-a-102-gdf20003
     0 | D:1      | 0 ||| qw: Game counter: 708
     0 | D:1      | 0 ||| qw: Always use a shield: true
     0 | D:1      | 0 ||| qw: God list: Okawaru
     0 | D:1      | 0 ||| qw: Allow faded altars: false
     0 | D:1      | 0 ||| qw: Do Orc after D:15 true
     0 | D:1      | 0 ||| qw: Do second Lair branch before Depths: true
     0 | D:1      | 0 ||| qw: Lair rune preference: random
     0 | D:1      | 0 ||| qw: Plans: Normal, Zot:1-4, Slime:5, God:TSO, Crypt,
                  | Tomb, Pan, Hells, Abyss, Win
     0 | D:1      | 0 ||| PLANNING D:1-11
    27 | D:1      | Found a faded altar of an unknown god.
    68 | D:1      | Reached skill level 2 in Axes
   178 | D:1      | Reached XP level 2. HP: 19/19 MP: 2/2
   511 | D:1      | 511 ||| Stepping ~*~*~tactically~*~*~ (hiding).
   514 | D:1      | 514 ||| Stepping ~*~*~tactically~*~*~ (hiding).
   656 | D:1      | Reached skill level 3 in Axes
   722 | D:1      | Reached XP level 3. HP: 23/23 MP: 3/3
  1114 | D:1      | 1114 ||| UPGRADING to +0 helmet.
  1119 | D:1      | 1119 ||| UPGRADING to amulet of reflection.
  1124 | D:1      | 1124 ||| READING 2 scrolls labelled DOCOIKHIAFF.
  1125 | D:1      | 1125 ||| READING scroll labelled YLAGHU UDEN.
  1126 | D:1      | 1126 ||| READING scroll labelled ZOMAOR CEOPSEG.
  1172 | D:2      | 1172 ||| Stepping ~*~*~tactically~*~*~ (hiding).
  1173 | D:2      | 1173 ||| Stepping ~*~*~tactically~*~*~ (hiding).
  1174 | D:2      | 1174 ||| Stepping ~*~*~tactically~*~*~ (hiding).
  1175 | D:2      | 1175 ||| Stepping ~*~*~tactically~*~*~ (hiding).
  1176 | D:2      | 1176 ||| Stepping ~*~*~tactically~*~*~ (hiding).
  1267 | D:2      | 1267 ||| DROPPING +0 club.
  1304 | D:2      | 1304 ||| Stepping ~*~*~tactically~*~*~ (hiding).
  1319 | D:2      | Noticed Natasha
  1330 | D:2      | HP: 4/23 [cerulean imp/+2 spear[Natasha] (2)]
  1331 | D:2      | HP: 1/23 [Natasha/magic dart (3)]
  1333 | D:2      | Killed Natasha
  1334 | D:2      | Reached XP level 4. HP: 3/28 MP: 4/4
  1518 | D:2      | Reached skill level 4 in Axes
  2118 | D:2      | 2118 ||| UPGRADING to +1 pair of gloves.
  2123 | D:2      | 2123 ||| DROPPING amulet of guardian spirit.
  2124 | D:2      | 2124 ||| READING scroll labelled RAT DECWETUDE.
  2125 | D:2      | 2125 ||| READING scroll labelled LOTSIR RAPASI.
  2128 | D:2      | 2128 ||| READING scroll labelled BIPUOJ YGHAPH.
  2129 | D:2      | 2129 ||| DRINKING 4 sedimented silvery potions.
  2161 | D:3      | 2161 ||| STAIRDANCE
  2163 | D:2      | 2163 ||| DRINKING 3 potions of curing.
  2163 | D:2      | 2163 ||| (to cure confusion)
  2173 | D:3      | 2173 ||| DRINKING 2 potions of curing.
  2173 | D:3      | 2173 ||| (to cure confusion)
  2175 | D:3      | 2175 ||| DRINKING potion of curing.
  2175 | D:3      | 2175 ||| (to cure confusion)
  2215 | D:3      | Reached XP level 5. HP: 15/32 MP: 5/5
  2410 | D:3      | Reached skill level 5 in Axes
  2430 | D:3      | Found a shimmering altar of Xom.
  2723 | D:3      | Found Ephin's Armour Emporium.
  2727 | D:3      | 2727 ||| BUYING +0 chain mail (58 gold).
  2727 | D:3      | Bought a +0 chain mail for 58 gold pieces
  2727 | D:3      | 2727 ||| SHOPLISTING +0 pair of boots (58 gold, have 33).
  2809 | D:3      | Noticed Jessica
  2819 | D:3      | Killed Jessica
  2820 | D:3      | Reached XP level 6. HP: 35/38 MP: 6/6
  3470 | D:3      | 3470 ||| UPGRADING to +0 chain mail.
  3480 | D:3      | 3480 ||| DROPPING +0 scale mail.
  3481 | D:3      | 3481 ||| UPGRADING to amulet of faith.
  3491 | D:3      | 3491 ||| DROPPING ring of wizardry.
  3492 | D:3      | 3492 ||| READING scroll labelled SYNEMIU VIOR.
  3493 | D:3      | 3493 ||| READING scroll labelled WEARAY OWOON.
  3494 | D:3      | 3494 ||| READING scroll labelled YLOEWE BUVVI.
  3495 | D:3      | 3495 ||| READING scroll labelled OSONAASYOR.
  3525 | D:3      | 3525 ||| READING scroll labelled LOXADU YNTURGH.
  3526 | D:3      | 3526 ||| DRINKING 2 clear potions.
  3526 | D:3      | Gained mutation: You sometimes lose your temper in combat.
                  | [potion of mutation]
  3526 | D:3      | Gained mutation: You have a pair of small horns on your
                  | head. [potion of mutation]
  3527 | D:3      | 3527 ||| DROPPING +0 helmet.
  3528 | D:3      | 3528 ||| DRINKING potion of mutation.
  3528 | D:3      | Lost mutation: You sometimes lose your temper in combat.
                  | [potion of mutation]
  3528 | D:3      | Lost mutation: You have a pair of small horns on your head.
                  | [potion of mutation]
  3528 | D:3      | Gained mutation: You passively map a small area around you.
                  | [potion of mutation]
  3528 | D:3      | Gained mutation: Your muscles are strong. (Str +4, Int/Dex
                  | -1) [potion of mutation]
  3528 | D:3      | Gained mutation: You have a pair of small horns on your
                  | head. [potion of mutation]
  3529 | D:3      | 3529 ||| DRINKING 2 murky dark potions.
  3530 | D:3      | 3530 ||| READING 2 scrolls of identify.
  3530 | D:3      | 3530 ||| IDENTIFYING fizzy brown potion
  3531 | D:3      | 3531 ||| DROPPING potion of flight.
  3550 | D:4      | 3550 ||| PLANNING OSSUARY
  3561 | D:4      | 3561 ||| READING scroll of brand weapon.
  3561 | D:4      | 3561 ||| BRANDING +1 war axe of electrocution.
  3590 | D:4      | Found an ancient bone altar of Kikubaaqudgha.
  3668 | D:4      | 3668 ||| Stepping ~*~*~tactically~*~*~ (hiding).
  3742 | D:4      | 3742 ||| DROPPING +0 whip.
  3778 | D:4      | Found a sand-covered staircase.
  3791 | D:4      | 3791 ||| UPGRADING to ring of positive energy.
  3797 | Ossuary  | Entered an ossuary
  3892 | Ossuary  | Reached skill level 6 in Axes
  3892 | Ossuary  | Reached XP level 7. HP: 43/43 MP: 7/7
  3896 | Ossuary  | Reached skill level 1 in Dodging
  3909 | Ossuary  | Reached skill level 7 in Axes
  4044 | Ossuary  | 4044 ||| READING 2 scrolls labelled JAPIELIGGOB.
  4045 | Ossuary  | 4045 ||| DRINKING 2 bubbling purple potions.
  4149 | Ossuary  | 4149 ||| DRINKING 3 orange potions.
  4150 | Ossuary  | 4150 ||| DROPPING potion of berserk rage.
  4151 | Ossuary  | 4151 ||| DROPPING 2 potions of brilliance.
  4152 | Ossuary  | 4152 ||| DROPPING scroll of fog.
  4167 | D:4      | 4167 ||| PLANNING D:1-11
  4534 | D:4      | 4534 ||| UPGRADING to ring of see invisible.
  4535 | D:4      | 4535 ||| READING 2 scrolls of identify.
  4535 | D:4      | 4535 ||| IDENTIFYING murky blue potion
  4549 | D:5      | Entered Level 5 of the Dungeon
  4553 | D:5      | 4553 ||| STAIRDANCE
  4611 | D:5      | Reached XP level 8. HP: 49/49 MP: 8/8
  4685 | D:5      | Found a sacrificial altar of Ru.
  4704 | D:5      | Reached skill level 1 in Throwing
  4842 | D:5      | Reached skill level 8 in Axes
  5037 | D:5      | Reached skill level 6 in Fighting
  5051 | D:5      | Found a blossoming altar of Fedhas.
  5384 | D:5      | 5384 ||| DRINKING 2 grey potions.
  5385 | D:5      | 5385 ||| READING 2 scrolls of identify.
  5385 | D:5      | 5385 ||| IDENTIFYING cyan potion
  5420 | D:6      | 5420 ||| PLANNING SEWER
  5432 | D:6      | 5432 ||| Stepping ~*~*~tactically~*~*~ (hiding).
  5433 | D:6      | 5433 ||| Stepping ~*~*~tactically~*~*~ (hiding).
  5539 | D:6      | Reached skill level 9 in Axes
  5572 | D:6      | Found an ornate altar of the Wu Jian Council.
  5576 | D:6      | Reached XP level 9. HP: 55/55 MP: 9/9
  5616 | D:6      | Found a staircase to the Ecumenical Temple.
  5784 | D:6      | Noticed Eustachio
  5784 | D:6      | Noticed an unseen horror
  5791 | D:6      | Killed Eustachio
  5801 | D:6      | Killed an unseen horror
  5802 | D:6      | Reached skill level 3 in Throwing
  5906 | D:6      | Found Xebagoty's Antique Weapon Boutique.
  5909 | D:6      | 5909 ||| BUYING fine whip (165 gold).
  5909 | D:6      | Bought a fine whip for 165 gold pieces
  5909 | D:6      | Identified the +6 whip of the Incandescent {drain, Dex+4}
                  | (You bought it in a shop on level 6 of the Dungeon)
  5909 | D:6      | 5909 ||| DROPPING +0 flail.
  5983 | D:6      | Found a glowing drain.
  5987 | Sewer    | Entered a sewer
  5990 | Sewer    | 5990 ||| Stepping ~*~*~tactically~*~*~ (stealth).
  5992 | Sewer    | 5992 ||| Stepping ~*~*~tactically~*~*~ (stealth).
  6007 | Sewer    | 6007 ||| Stepping ~*~*~tactically~*~*~ (stealth).
  6008 | Sewer    | 6008 ||| Stepping ~*~*~tactically~*~*~ (stealth).
  6073 | Sewer    | 6073 ||| Stepping ~*~*~tactically~*~*~ (hiding).
  6383 | Sewer    | 6383 ||| Stepping ~*~*~tactically~*~*~ (water).
  6387 | Sewer    | 6387 ||| READING scroll labelled IRUTUC ELYA.
  6399 | D:6      | 6399 ||| PLANNING TEMPLE
  6442 | Temple   | Entered the Ecumenical Temple
  6515 | Temple   | 6515 ||| PLANNING D:1-11
  6679 | D:6      | 6679 ||| Stepping ~*~*~tactically~*~*~ (stealth).
  6916 | D:7      | 6916 ||| Stepping ~*~*~tactically~*~*~ (hiding).
  7131 | D:7      | 7131 ||| Stepping ~*~*~tactically~*~*~ (hiding).
  7134 | D:7      | 7134 ||| Stepping ~*~*~tactically~*~*~ (hiding).
  7135 | D:7      | 7135 ||| Stepping ~*~*~tactically~*~*~ (hiding).
  7136 | D:7      | 7136 ||| Stepping ~*~*~tactically~*~*~ (hiding).
  7137 | D:7      | 7137 ||| Stepping ~*~*~tactically~*~*~ (hiding).
  7324 | D:7      | Reached skill level 10 in Axes
  7393 | D:7      | 7393 ||| Stepping ~*~*~tactically~*~*~ (stealth).
  7396 | D:7      | 7396 ||| Stepping ~*~*~tactically~*~*~ (stealth).
  7396 | D:7      | Identified the +8 hand axe of the Brain {elec, rF+ Will-
                  | Dex+2}
  7397 | D:7      | 7397 ||| Stepping ~*~*~tactically~*~*~ (stealth).
  7398 | D:7      | 7398 ||| Stepping ~*~*~tactically~*~*~ (stealth).
  7494 | D:7      | Reached XP level 10. HP: 64/64 MP: 10/10
  8278 | D:7      | 8278 ||| UPGRADING to +0 pair of boots.
  8356 | D:8      | 8356 ||| Stepping ~*~*~tactically~*~*~ (cloud).
  8424 | D:8      | 8424 ||| Stepping ~*~*~tactically~*~*~ (stealth).
  8442 | D:8      | Found an iron altar of Okawaru.
  8443 | D:8      | 8443 ||| PLANNING OKAWARU WORSHIP
  8443 | D:8      | 8443 ||| READING 2 scrolls of identify.
  8443 | D:8      | 8443 ||| IDENTIFYING fuming puce potion
  8451 | D:8      | Became a worshipper of Warmaster Okawaru
  8451 | D:8      | 8451 ||| PLANNING D:1-11
  8502 | D:8      | 8502 ||| Stepping ~*~*~tactically~*~*~ (stealth).
  8579 | D:8      | 8579 ||| Stepping ~*~*~tactically~*~*~ (hiding).
  8588 | D:8      | Reached * piety under Okawaru
  8589 | D:8      | 8589 ||| FLEEEEING.
  8590 | D:8      | 8590 ||| FLEEEEING.
  8591 | D:8      | 8591 ||| FLEEEEING.
  8592 | D:8      | 8592 ||| FLEEEEING.
  8593 | D:8      | 8593 ||| FLEEEEING.
  8594 | D:8      | 8594 ||| FLEEEEING.
  8595 | D:8      | 8595 ||| FLEEEEING.
  8596 | D:8      | 8596 ||| FLEEEEING.
  8597 | D:8      | 8597 ||| FLEEEEING.
  8598 | D:8      | 8598 ||| FLEEEEING.
  8599 | D:8      | 8599 ||| FLEEEEING.
  8600 | D:8      | 8600 ||| FLEEEEING.
  8601 | D:8      | 8601 ||| FLEEEEING.
  8602 | D:8      | 8602 ||| FLEEEEING.
  8603 | D:8      | 8603 ||| FLEEEEING.
  8604 | D:8      | 8604 ||| FLEEEEING.
  8605 | D:8      | 8605 ||| FLEEEEING.
  8606 | D:8      | 8606 ||| FLEEEEING.
  8607 | D:8      | 8607 ||| FLEEEEING.
  8797 | D:8      | 8797 ||| Stepping ~*~*~tactically~*~*~ (hiding).
  8817 | D:8      | 8817 ||| INVOKING Heroism.
  8827 | D:8      | Reached skill level 1 in Invocations
  9023 | D:8      | Found Teshoq's Lightly-Used Armoury.
  9029 | D:8      | 9029 ||| BUYING -1 demon whip (140 gold).
  9029 | D:8      | Bought a -1 demon whip for 140 gold pieces
  9029 | D:8      | 9029 ||| SHOPLISTING -1 gold dragon scales (1050 gold, have
                  | 114).
  9029 | D:8      | 9029 ||| DROPPING +6 whip of the Incandescent {drain,
                  | Dex+4}.
  9142 | D:8      | 9142 ||| READING 2 scrolls of identify.
  9142 | D:8      | 9142 ||| IDENTIFYING sedimented green potion
  9214 | D:9      | Noticed Amaemon
  9215 | D:9      | 9215 ||| INVOKING Heroism.
  9218 | D:9      | Noticed an orange demon
  9223 | D:9      | Killed Amaemon
  9224 | D:9      | Reached skill level 11 in Axes
  9226 | D:9      | Killed an orange demon
  9226 | D:9      | Reached ** piety under Okawaru
  9256 | D:9      | 9256 ||| DROPPING -1 demon whip.
  9280 | D:9      | 9280 ||| INVOKING Heroism.
  9286 | D:9      | Reached skill level 6 in Armour
  9286 | D:9      | Reached skill level 3 in Invocations
  9382 | D:9      | Noticed a kobold demonologist
  9395 | D:9      | Noticed a rust devil
  9400 | D:9      | Killed a kobold demonologist
  9406 | D:9      | 9406 ||| FLEEEEING.
  9407 | D:9      | 9407 ||| FLEEEEING.
  9408 | D:9      | 9408 ||| FLEEEEING.
  9409 | D:9      | 9409 ||| FLEEEEING.
  9410 | D:9      | 9410 ||| FLEEEEING.
  9411 | D:9      | 9411 ||| FLEEEEING.
  9412 | D:9      | 9412 ||| FLEEEEING.
  9414 | D:9      | 9414 ||| FLEEEEING.
  9471 | D:9      | 9471 ||| INVOKING Heroism.
  9579 | D:9      | 9579 ||| Stepping ~*~*~tactically~*~*~ (hiding).
  9581 | D:9      | 9581 ||| Stepping ~*~*~tactically~*~*~ (hiding).
  9582 | D:9      | 9582 ||| Stepping ~*~*~tactically~*~*~ (hiding).
  9605 | D:9      | 9605 ||| Stepping ~*~*~tactically~*~*~ (stealth).
  9606 | D:9      | 9606 ||| Stepping ~*~*~tactically~*~*~ (stealth).
  9611 | D:9      | 9611 ||| INVOKING Heroism.
  9619 | D:9      | Reached XP level 11. HP: 69/69 MP: 11/14
  9638 | D:9      | 9638 ||| FLEEEEING.
  9639 | D:9      | 9639 ||| FLEEEEING.
  9640 | D:9      | 9640 ||| FLEEEEING.
  9641 | D:9      | 9641 ||| FLEEEEING.
  9642 | D:9      | 9642 ||| FLEEEEING.
  9643 | D:9      | 9643 ||| FLEEEEING.
  9644 | D:9      | 9644 ||| FLEEEEING.
  9645 | D:9      | 9645 ||| FLEEEEING.
  9646 | D:9      | 9646 ||| FLEEEEING.
  9658 | D:9      | Reached skill level 9 in Fighting
  9660 | D:9      | 9660 ||| Stepping ~*~*~tactically~*~*~ (stealth).
  9665 | D:9      | 9665 ||| Stepping ~*~*~tactically~*~*~ (stealth).
  9733 | D:9      | Found a staircase to the Orcish Mines.
  9811 | D:9      | 9811 ||| Stepping ~*~*~tactically~*~*~ (stealth).
  9813 | D:9      | 9813 ||| Stepping ~*~*~tactically~*~*~ (hiding).
  9816 | D:9      | 9816 ||| Stepping ~*~*~tactically~*~*~ (hiding).
  9817 | D:9      | 9817 ||| Stepping ~*~*~tactically~*~*~ (hiding).
  9839 | D:9      | 9839 ||| Stepping ~*~*~tactically~*~*~ (hiding).
  9843 | D:9      | 9843 ||| Stepping ~*~*~tactically~*~*~ (hiding).
  9913 | D:9      | 9913 ||| FLEEEEING.
  9914 | D:9      | 9914 ||| FLEEEEING.
  9915 | D:9      | 9915 ||| FLEEEEING.
  9916 | D:9      | 9916 ||| FLEEEEING.
  9917 | D:9      | 9917 ||| FLEEEEING.
  9918 | D:9      | 9918 ||| FLEEEEING.
  9919 | D:9      | 9919 ||| FLEEEEING.
  9920 | D:9      | 9920 ||| FLEEEEING.
  9921 | D:9      | 9921 ||| FLEEEEING.
  9922 | D:9      | 9922 ||| FLEEEEING.
  9923 | D:9      | 9923 ||| FLEEEEING.
  9924 | D:9      | 9924 ||| FLEEEEING.
  9925 | D:9      | 9925 ||| FLEEEEING.
  9926 | D:9      | 9926 ||| FLEEEEING.
  9927 | D:9      | 9927 ||| FLEEEEING.
  9928 | D:9      | 9928 ||| FLEEEEING.
  9929 | D:9      | 9929 ||| FLEEEEING.
  9930 | D:9      | 9930 ||| FLEEEEING.
  9931 | D:9      | 9931 ||| FLEEEEING.
  9932 | D:9      | 9932 ||| FLEEEEING.
  9933 | D:9      | 9933 ||| FLEEEEING.
  9934 | D:9      | 9934 ||| FLEEEEING.
  9936 | D:9      | 9936 ||| FLEEEEING.
  9938 | D:9      | 9938 ||| FLEEEEING.
  9939 | D:9      | 9939 ||| FLEEEEING.
  9940 | D:9      | 9940 ||| FLEEEEING.
  9941 | D:9      | 9941 ||| FLEEEEING.
  9947 | D:9      | 9947 ||| INVOKING Heroism.
 10030 | D:9      | 10030 ||| INVOKING Heroism.
 10171 | D:9      | 10171 ||| DROPPING 2 potions of degeneration.
 10182 | D:10     | Entered Level 10 of the Dungeon
 10423 | D:10     | Noticed Maggie
 10430 | D:10     | Killed Maggie
 10462 | D:10     | Found a basalt altar of Yredelemnul.
 10550 | D:10     | Noticed Maurice
 10551 | D:10     | 10551 ||| INVOKING Heroism.
 10569 | D:10     | Killed Maurice
 10850 | D:10     | 10850 ||| UPGRADING to +0 cloak.
 10855 | D:10     | 10855 ||| DRINKING 2 smoky black potions.
 10856 | D:10     | 10856 ||| DROPPING potion of invisibility.
 10893 | D:11     | Noticed a death yak
 10893 | D:11     | Noticed a death yak
 10893 | D:11     | Noticed a death yak
 10894 | D:11     | 10894 ||| INVOKING Heroism.
 10895 | D:11     | 10895 ||| Stepping ~*~*~tactically~*~*~ (stealth).
 10896 | D:11     | 10896 ||| Stepping ~*~*~tactically~*~*~ (stealth).
 10897 | D:11     | 10897 ||| Stepping ~*~*~tactically~*~*~ (stealth).
 10897 | D:11     | Noticed a death yak
 10897 | D:11     | Noticed a green ugly thing
 10897 | D:11     | Noticed a death yak
 10898 | D:11     | 10898 ||| Stepping ~*~*~tactically~*~*~ (stealth).
 10907 | D:11     | Killed a green ugly thing
 10907 | D:11     | Reached *** piety under Okawaru
 10912 | D:11     | HP: 17/71 [death yak (2)]
 10913 | D:11     | 10913 ||| READING 3 scrolls of teleportation.
 10913 | D:11     | HP: 7/71 [death yak (10)]
 10914 | D:11     | 10914 ||| DRINKING 6 potions of heal wounds.
 10915 | D:11     | Killed a death yak
 10915 | D:11     | Killed a death yak
 10917 | D:11     | Killed a death yak
 10917 | D:11     | Reached **** piety under Okawaru
 10918 | D:11     | Reached skill level 12 in Axes
 10918 | D:11     | 10918 ||| DRINKING 5 potions of heal wounds.
 10919 | D:11     | 10919 ||| FLEEEEING.
 10920 | D:11     | 10920 ||| FLEEEEING.
 10921 | D:11     | 10921 ||| FLEEEEING.
 10922 | D:11     | 10922 ||| FLEEEEING.
 10923 | D:11     | 10923 ||| FLEEEEING.
 10924 | D:11     | 10924 ||| FLEEEEING.
 10925 | D:11     | 10925 ||| FLEEEEING.
 10926 | D:11     | 10926 ||| FLEEEEING.
 10927 | D:11     | 10927 ||| FLEEEEING.
 10928 | D:11     | 10928 ||| STAIRDANCE
 11034 | D:11     | 11034 ||| INVOKING Heroism.
 11040 | D:11     | 11040 ||| STAIRDANCE
 11042 | D:10     | Killed a death yak
 11044 | D:10     | HP: 14/71 [death yak (4)]
 11045 | D:10     | 11045 ||| READING 2 scrolls of teleportation.
 11046 | D:10     | 11046 ||| DRINKING 4 potions of heal wounds.
 11047 | D:10     | Killed a death yak
 11048 | D:10     | Reached skill level 6 in Shields
 11245 | D:11     | 11245 ||| Stepping ~*~*~tactically~*~*~ (hiding).
 11249 | D:11     | 11249 ||| Stepping ~*~*~tactically~*~*~ (hiding).
 11250 | D:11     | 11250 ||| Stepping ~*~*~tactically~*~*~ (hiding).
 11272 | D:11     | 11272 ||| Stepping ~*~*~tactically~*~*~ (hiding).
 11273 | D:11     | 11273 ||| Stepping ~*~*~tactically~*~*~ (hiding).
 11274 | D:11     | 11274 ||| Stepping ~*~*~tactically~*~*~ (hiding).
 11399 | D:11     | Found a staircase to the Lair.
 11417 | D:11     | 11417 ||| Stepping ~*~*~tactically~*~*~ (stealth).
 11418 | D:11     | 11418 ||| Stepping ~*~*~tactically~*~*~ (stealth).
 11421 | D:11     | 11421 ||| Stepping ~*~*~tactically~*~*~ (stealth).
 11464 | D:11     | Noticed a two-headed ogre
 11467 | D:11     | 11467 ||| INVOKING Heroism.
 11470 | D:11     | Killed a two-headed ogre
 11470 | D:11     | Reached ***** piety under Okawaru
 11632 | D:11     | Noticed a two-headed ogre
 11633 | D:11     | 11633 ||| INVOKING Heroism.
 11639 | D:11     | Killed a two-headed ogre
 11640 | D:11     | Reached skill level 6 in Invocations
 11640 | D:11     | Reached XP level 12. HP: 77/77 MP: 13/16
 11670 | D:11     | 11670 ||| Stepping ~*~*~tactically~*~*~ (hiding).
 11680 | D:11     | 11680 ||| Stepping ~*~*~tactically~*~*~ (hiding).
 11688 | D:11     | Noticed Tsarbomb's ghost (journeyman DsGl)
 11693 | D:11     | Noticed a tengu warrior
 11697 | D:11     | Noticed a two-headed ogre
 11798 | D:11     | Found a bloodstained altar of Trog.
 11805 | D:11     | Found a transporter.
 11826 | D:11     | Found a transporter.
 11985 | D:11     | 11985 ||| PLANNING LAIR
 12011 | Lair:1   | Entered Level 1 of the Lair of Beasts
 12102 | Lair:1   | 12102 ||| INVOKING Heroism.
 12344 | Lair:1   | 12344 ||| INVOKING Heroism.
 12718 | Lair:1   | 12718 ||| READING scroll of enchant armour.
 12718 | Lair:1   | 12718 ||| ENCHANTING +1 pair of gloves.
 12791 | Lair:1   | Noticed a catoblepas
 12791 | Lair:1   | Noticed a boulder beetle
 12792 | Lair:1   | 12792 ||| INVOKING Heroism.
 12793 | Lair:1   | 12793 ||| INVOKING Finesse.
 12800 | Lair:1   | Killed a catoblepas
 12804 | Lair:1   | Killed a boulder beetle
 12923 | Lair:1   | 12923 ||| READING 2 scrolls labelled SATSEO HUPA.
 12924 | Lair:1   | 12924 ||| DROPPING scroll of magic mapping.
 12964 | Lair:2   | Received a gift from Okawaru
 12964 | Lair:2   | Found the +3 robe of Clouds {*Thunder rCloud rElec}
 12985 | Lair:2   | 12985 ||| FLEEEEING.
 12986 | Lair:2   | 12986 ||| STAIRDANCE
 13053 | Lair:2   | 13053 ||| INVOKING Heroism.
 13069 | Lair:2   | 13069 ||| INVOKING Heroism.
 13199 | Lair:2   | Found a hole to the Spider Nest.
 13251 | Lair:2   | 13251 ||| Stepping ~*~*~tactically~*~*~ (stealth).
 13652 | Lair:2   | Noticed Sonja
 13655 | Lair:2   | Paralysed by Sonja for 5 turns
 13663 | Lair:2   | Killed Sonja
 13993 | Lair:3   | 13993 ||| STAIRDANCE
 13997 | Lair:2   | Reached skill level 13 in Axes
 14030 | Lair:3   | 14030 ||| STAIRDANCE
 14034 | Lair:2   | Reached skill level 9 in Invocations
 14105 | Lair:3   | 14105 ||| Stepping ~*~*~tactically~*~*~ (hiding).
 14109 | Lair:3   | 14109 ||| INVOKING Heroism.
 14125 | Lair:3   | 14125 ||| Stepping ~*~*~tactically~*~*~ (cloud).
 14130 | Lair:3   | 14130 ||| INVOKING Heroism.
 14148 | Lair:3   | 14148 ||| Stepping ~*~*~tactically~*~*~ (stealth).
 14153 | Lair:3   | 14153 ||| FLEEEEING.
 14154 | Lair:3   | 14154 ||| FLEEEEING.
 14155 | Lair:3   | 14155 ||| FLEEEEING.
 14213 | Lair:3   | Noticed a skyshark
 14224 | Lair:3   | Killed a skyshark
 14510 | Lair:3   | You fall into a shaft and drop 2 floors!
 14510 | Lair:5   | Entered Level 5 of the Lair of Beasts
 14510 | Lair:5   | Noticed a six-headed hydra
 14511 | Lair:5   | 14511 ||| INVOKING Heroism.
 14515 | Lair:5   | 14515 ||| SWAPPING to +1 demon whip of venom.
 14517 | Lair:5   | Killed a six-headed hydra
 14518 | Lair:5   | Reached XP level 13. HP: 71/82 MP: 18/20
 14518 | Lair:5   | 14518 ||| SWAPPING to +1 spectral war axe.
 14626 | Lair:5   | Reached skill level 14 in Axes
 14647 | Lair:5   | 14647 ||| Stepping ~*~*~tactically~*~*~ (stealth).
 14648 | Lair:5   | 14648 ||| Stepping ~*~*~tactically~*~*~ (stealth).
 14650 | Lair:5   | 14650 ||| Stepping ~*~*~tactically~*~*~ (stealth).
 14667 | Lair:5   | 14667 ||| INVOKING Heroism.
 14668 | Lair:5   | 14668 ||| INVOKING Finesse.
 14674 | Lair:5   | 14674 ||| Stepping ~*~*~tactically~*~*~ (water).
 14692 | Lair:5   | 14692 ||| Stepping ~*~*~tactically~*~*~ (water).
 14693 | Lair:5   | 14693 ||| INVOKING Finesse.
 14694 | Lair:5   | 14694 ||| Stepping ~*~*~tactically~*~*~ (water).
 14700 | Lair:5   | 14700 ||| INVOKING Heroism.
 14701 | Lair:5   | 14701 ||| Stepping ~*~*~tactically~*~*~ (water).
 14701 | Lair:5   | HP: 12/84 [snapping turtle (19)]
 14702 | Lair:5   | 14702 ||| READING 4 scrolls of teleportation.
 14702 | Lair:5   | Slain by a snapping turtle

Levels and vault maps discovered:
D:1:      lemuel_arrival_funnel, layout_basic,
          dreamdust_ecumenical_altar_statues
D:2:      layout_basic, uniq_natasha
D:3:      layout_basic, dk_xom_monty_hall, serial_shops,
          nicolae_shop_pleasant_corner_grove, uniq_jessica
D:4:      layout_gridville, mainiacjoe_overflow_boulevard,
          gup_ossuary_entry_pyramid
D:5:      layout_layer_cave, nicolae_ru_awakened_eye, general_overflow_altar
D:6:      layout_gridville, nicolae_wu_jian_immortal_techniques,
          minmay_temple_entry_junction, serial_shops, shop,
          gup_sewer_entry_bowl, minmay_misc_feat_five, minivault_11,
          kennysheep_generic_room_6, uniq_eustachio
D:7:      layout_layer_cave, serial_bayou, serial_bayou_shore_a,
          serial_bayou_lake_a, serial_bayou_lagoon_a, serial_bayou_pond_e,
          minmay_holes, grunt_decor_cap
D:8:      layout_gridville, mainiacjoe_overflow_surrounded_room,
          minmay_shop_damaged
D:9:      layout_basic, erik_orc_1, uniq_amaemon
D:10:     layout_loops_ring, kennysheep_mini, nrook_mini_backslash, uniq_maggie,
          uniq_maurice
D:11:     layout_cave_pools, dpeg_lair_monsters,
          gammafunk_ghost_wrathful_warriors, minmay_misc_feat_diagonals
Temple:   regret_index_temple_waves
Lair:1:   layout_hall_layers, grunt_forest_large_clearing_hut,
          infiniplex_staircase_pool, grunt_megastairs_1, lemuel_fruit_tree
Lair:2:   layout_regular_city, spider_nest_entry_a,
          nicolae_quartered_pool_medium, dreamdust_gnoll_shepherd, uniq_sonja
Lair:3:   layout_cave_pods, nicolae_swamp_entry_splash_gauntlet, minivault_25,
          minivault_27, chequers_serial_rivers_large_a
Lair:5:   gammafunk_lair_ancient_temple, layout_regular_city, slime_entry_1,
          grunt_megastairs_5

Skill      XL: |  1  2  3  4  5  6  7  8  9 10 11 12 13 |
---------------+----------------------------------------+-----
Axes           | 2 3 4 5 6 7 9 10 11 12 13 14 | 14.0
Fighting       | 4 5 6 7 8 9 10 | 10.8
Dodging        | 1 2 |  2.0
Throwing       | 1 3 |  3.5
Armour         | 4 6 8 |  8.2
Shields        | 4 5 6 |  6.7
Invocations    | 4 6 10 | 10.0

Action                     |  1- 3 |  4- 6 |  7- 9 | 10-12 | 13-15 || total
---------------------------+-------+-------+-------+-------+-------++-------
  Melee: War axe           |    65 |   145 |   191 |   351 |    47 ||   799
         Headbutt          |       |     8 |    31 |    67 |    13 ||   119
         Demon whip        |       |       |       |     2 |       ||     2
  Throw: Boomerang         |       |       |    54 |    62 |     3 ||   119
 Invoke: Heroism           |       |       |       |    20 |     2 ||    22
         Finesse           |       |       |       |     1 |     2 ||     3
    Use: Scroll            |     3 |    10 |     4 |     6 |     1 ||    24
         Potion            |       |     7 |     3 |     4 |       ||    14
   Stab: Distracted        |       |       |     1 |     6 |       ||     7
         Invisible         |       |       |       |     1 |       ||     1
 Armour: Scale mail        |    39 |    65 |       |       |       ||   104
         Chain mail        |       |     7 |    82 |   182 |    27 ||   298
  Dodge: Dodged            |    40 |    37 |    46 |   103 |    20 ||   246
  Block: Buckler           |    21 |    49 |    20 |    59 |    10 ||   159

Table legend:
 A = Non-vault XP
 B = Vault XP
 C = Vault XP percentage of total XP
 D = Non-vault monster count
 E = Vault monster count
 F = Vault count percentage of total count
                 A         B        C        D         E       F
            +---------+---------+-------+---------+---------+-------
      Total |   19895 |   18748 |  48.5 |     245 |     115 |  31.9
            +---------+---------+-------+---------+---------+-------
        D:1 |      41 |       0 |   0.0 |      23 |       0 |   0.0
        D:2 |      39 |      35 |  47.3 |      15 |       1 |   6.2
        D:3 |     123 |     124 |  50.2 |      16 |       3 |  15.8
        D:4 |     290 |      18 |   5.8 |      14 |       1 |   6.7
        D:5 |     822 |       0 |   0.0 |      17 |       0 |   0.0
        D:6 |     921 |     796 |  46.4 |      29 |       7 |  19.4
        D:7 |    1018 |       0 |   0.0 |      21 |       0 |   0.0
        D:8 |    1704 |       0 |   0.0 |      25 |       0 |   0.0
        D:9 |    1540 |    1779 |  53.6 |      27 |      19 |  41.3
       D:10 |     815 |    2496 |  75.4 |       6 |       4 |  40.0
       D:11 |    3541 |    2427 |  40.7 |      22 |       3 |  12.0
     Lair:1 |    2194 |    1967 |  47.3 |       7 |       4 |  36.4
     Lair:2 |    1950 |    1841 |  48.6 |      11 |       7 |  38.9
     Lair:3 |    3226 |     826 |  20.4 |       9 |       2 |  18.2
     Lair:5 |    1671 |    5730 |  77.4 |       3 |      10 |  76.9
      Sewer |       0 |     226 | 100.0 |       0 |      15 | 100.0
    Ossuary |       0 |     483 | 100.0 |       0 |      39 | 100.0
            +---------+---------+-------+---------+---------+-------
